 Dungeon Sprint DCSS version 0.28.0-53-g5a82cb258f (webtiles) character file.

Game seed: 5400563409169456368

3467 Zeld the Warrior (level 9, -12/97 HPs)
             Began as a Minotaur Berserker on June 7, 2022.
             Was an Elder of Trog.
             Mangled by a hornet (16 damage)
             ... while paralysed by a hornet
             ... in the Dungeon (Sprint I: "Red Sonja").
             The game lasted 00:02:34 (2675 turns).

Zeld the Warrior (Minotaur Berserker)               Turns: 2675, Time: 00:02:35

Health: -12/97     AC:  2    Str: 25    XL:     9   Next: 78%
Magic:  8/8        EV:  2    Int:  4    God:    Trog [****..]
Gold:   833        SH:  0    Dex: 11    Spells: 8/8 levels left

rFire   . . .      SeeInvis .   a - +0 hand axe
rCold   . . .      Faith    .   (no shield)
rNeg    . . .      Spirit   .   b - +0 animal skin
rPois   .          Reflect  .   (helmet restricted)
rElec   .          Harm     .   (no cloak)
rCorr   .          Rampage  .   (no gloves)
Will    .....      NoTele   +   (no boots)
Stlth   +.........              (no amulet)
HPRegen 0.26/turn               (no ring)
MPRegen 0.11/turn               (no ring)

@: paralysed, lethally poisoned (-12 -> -15), slowed
A: horns 2, retaliatory headbutt
a: Renounce Religion, Berserk, Trog's Hand, Brothers in Arms


You were in the Dungeon.
You worshipped Trog.
Trog was greatly pleased with you.
You visited 1 branch You collected 1063 gold pieces.
You spent 230 gold pieces at shops.

Inventory:

Hand Weapons
 a - a +0 hand axe (weapon)
Armour
 b - a +0 animal skin (worn)
Wands
 i - a wand of mindburst (7)
 k - a wand of digging (3)
Scrolls
 h - 2 scrolls of blinking
 j - a scroll of enchant armour {unknown}
 l - a scroll of enchant weapon {unknown}
Potions
 c - 4 potions of curing
 d - 2 potions of heal wounds
 e - a potion of haste
 f - 2 potions of magic
 g - a potion of berserk rage


   Skills:
 * Level 15.0 Fighting
 * Level 15.0 Axes
 + Level 10.6 Armour
 + Level 9.8 Dodging
 * Level 7.8 Evocations


You had 8 spell levels left.
You didn't know any spells.
Your spell library was empty.

Dungeon Overview and Level Annotations

Branches:
Dungeon (1/1)

Altars:
Cheibriados
Dithmenos
Elyvilon
Fedhas
Gozag
Hepliaklqana
Kikubaaqudgha
Makhleb
Nemelex Xobeh
Okawaru
Qazlal
Ru
Sif Muna
Trog
Uskayaw
Vehumet
Wu Jian
Xom
Yredelemnul
Zin
The Shining One
Jiyva
Lugonu

Shops:
D ?*[

Annotations:
D exclusion: oklob plant


Innate Abilities, Weirdness & Mutations

You have a pair of horns on your head.
You reflexively headbutt those who attack you in melee.


Message History

An oklob plant comes into view.
Marking area around an oklob plant as unsafe for travelling.
There is an open door here.
The hornet buzzes angrily.
The hornet stings you.
You feel yourself slow down. The hornet misses you.
Which direction?
You close the door.
The hornet misses you. The hornet stings you!
You feel as though you will be slow longer.
You hit the hornet. Your headbutt misses the hornet.
The hornet is lightly wounded.
The hornet stings you!
You feel as though you will be slow longer.
You miss the hornet. Your headbutt misses the hornet.
The hornet is lightly wounded.
The hornet stings you!
You feel as though you will be slow longer.
You miss the hornet. You headbutt the hornet!
The hornet is moderately wounded.
The hornet closely misses you. You furiously retaliate!
You headbutt the hornet! The hornet stings you.
You are poisoned.
You feel as though you will be slow longer.
You hit the hornet but do no damage. Your headbutt misses the hornet.
The hornet is severely wounded.
You feel sick. The hornet stings you!
You feel as though you will be slow longer.
You hit the hornet but do no damage.
The hornet is severely wounded.
You feel sick. The hornet stings you!
* * * LOW HITPOINT WARNING * * *
You suddenly lose the ability to move!
You feel sick. The hornet stings you.
* * * LOW HITPOINT WARNING * * *
You feel as though you will be slow longer.
The hornet stings you!
* * * LOW HITPOINT WARNING * * *
You feel as though you will be slow longer.
* * * LOW HITPOINT WARNING * * *
You feel sick. The hornet stings you!
You die...

####################
)..#..'..#__#..')..#
#..').#..'..'..#)..#
##'#####'#__####...+
#..#...#.####((#####
####..##(#§≈≈§§#$$#
___##'#_.+≈≈≈§§§.y#
∩...'..._#(≈(§.#@.#
.__##_.#'##'#####+#
___###)#.#))..###P'.
######.####'###.###.#
....'...'.....'.∩# .#
+####...########## #
###.### #.#'#.#
#.....#


You could see a hornet.

Vanquished Creatures
  2 centaur warriors (D)
  Sonja (D)
  A deep troll (D)
  2 kobold demonologists (D)
  A slime creature (D)
  Sigmund (D)
  A yak (D)
  A floating eye (D)
  An ogre (D)
  A jelly (D)
  Ijyb (D)
13 creatures vanquished.

Vanquished Creatures (others)
  2 ballistomycete spores (D)
2 creatures vanquished.

Grand Total: 15 creatures vanquished

Notes
Turn   | Place    | Note
-------+----------+-------------------------------------------
     0 | D        | Zeld the Minotaur Berserker began the quest for the Orb.
     0 | D        | Reached XP level 1. HP: 19/19 MP: 0/0
     2 | D        | Noticed Ijyb
     5 | D        | Killed Ijyb
     6 | D        | Reached skill level 5 in Fighting
     6 | D        | Reached skill level 5 in Axes
     6 | D        | Reached XP level 2. HP: 29/29 MP: 1/1
   251 | D        | Noticed an ogre
   255 | D        | Killed an ogre
   256 | D        | Reached XP level 3. HP: 27/39 MP: 2/2
   256 | D        | Reached XP level 4. HP: 33/47 MP: 3/3
   516 | D        | Noticed Sigmund
   520 | D        | Killed Sigmund
   520 | D        | Reached ** piety under Trog
   521 | D        | Reached skill level 5 in Dodging
   521 | D        | Reached XP level 5. HP: 57/57 MP: 4/4
   675 | D        | Found a burning altar of Makhleb.
   675 | D        | Found a viscous altar of Jiyva.
   675 | D        | Found a shimmering altar of Xom.
   675 | D        | Found a corrupted altar of Lugonu.
   675 | D        | Noticed a slime creature
   679 | D        | Killed a slime creature
   680 | D        | Reached skill level 10 in Fighting
   680 | D        | Reached skill level 10 in Axes
   680 | D        | Reached XP level 6. HP: 67/67 MP: 5/5
   846 | D        | Found a shimmering blue altar of Sif Muna.
   847 | D        | Found an ornate altar of the Wu Jian Council.
   848 | D        | Found a radiant altar of Vehumet.
  1001 | D        | Found Vung's Assorted Antiques.
  1001 | D        | Found an ancient bone altar of Kikubaaqudgha.
  1001 | D        | Found a hazy altar of Hepliaklqana.
  1001 | D        | Found a hide-covered altar of Uskayaw.
  1001 | D        | Found a basalt altar of Yredelemnul.
  1001 | D        | Found an opulent altar of Gozag.
  1001 | D        | Found a snail-covered altar of Cheibriados.
  1001 | D        | Found a sacrificial altar of Ru.
  1001 | D        | Found a shadowy altar of Dithmenos.
  1001 | D        | Noticed a yak
  1002 | D        | Found a stormy altar of Qazlal.
  1002 | D        | Found a blossoming altar of Fedhas.
  1002 | D        | Found a bloodstained altar of Trog.
  1002 | D        | Found an iron altar of Okawaru.
  1002 | D        | Found a glowing golden altar of the Shining One.
  1002 | D        | Found a glowing silver altar of Zin.
  1002 | D        | Found a white marble altar of Elyvilon.
  1009 | D        | Killed a yak
  1010 | D        | Reached XP level 7. HP: 74/74 MP: 6/6
  1011 | D        | Found a sparkling altar of Nemelex Xobeh.
  1174 | D        | Bought a potion of heal wounds for 125 gold pieces
  1194 | D        | Noticed a kobold demonologist
  1194 | D        | Noticed a kobold demonologist
  1196 | D        | Paralysed by a floating eye for 2 turns
  1205 | D        | Paralysed by a floating eye for 3 turns
  1206 | D        | Noticed a red devil
  1207 | D        | Noticed a neqoxec
  1210 | D        | Killed a kobold demonologist
  1210 | D        | Reached *** piety under Trog
  1210 | D        | Killed a kobold demonologist
  1211 | D        | Reached XP level 8. HP: 54/85 MP: 7/7
  1557 | D        | Noticed Sonja
  1559 | D        | Killed Sonja
  1559 | D        | Reached **** piety under Trog
  1560 | D        | Reached skill level 5 in Evocations
  1863 | D        | Noticed a deep troll
  1876 | D        | Killed a deep troll
  1877 | D        | Reached XP level 9. HP: 54/95 MP: 8/8
  2026 | D        | Found Sahahesa's Armour Emporium.
  2116 | D        | Found Omearag's Magic Scroll Boutique.
  2124 | D        | Bought a scroll of blinking for 105 gold pieces
  2152 | D        | Noticed a centaur warrior
  2167 | D        | Killed a centaur warrior
  2168 | D        | Reached skill level 10 in Armour
  2201 | D        | Noticed a centaur warrior
  2213 | D        | HP: 7/144 [centaur warrior (1)]
  2215 | D        | Killed a centaur warrior
  2216 | D        | Reached skill level 15 in Fighting
  2216 | D        | Reached skill level 15 in Axes
  2666 | D        | Noticed an oklob plant
  2673 | D        | Paralysed by a hornet for 3 turns
  2675 | D        | HP: 4/97 [poisoned by a hornet]
  2675 | D        | Mangled by a hornet

Illustrated notes

Levels and vault maps discovered:
D:        dungeon_sprint_1 [red_sonja_temple_1, red_sonja_temple_small_1]

Skill      XL: |  1  2  3  4  5  6  7  8  9 |
---------------+----------------------------+-----
Fighting       | 5 7 9 10 11 12 14 15 | 15.0
Axes           | 5 7 9 10 11 12 14 15 | 15.0
Armour         | 3 4 6 7 8 9 10 | 10.6
Dodging        | 3 4 5 6 7 8 9 |  9.8
Evocations     | 3 6 7 |  7.8

Action                   |  1- 3 |  4- 6 |  7- 9 || total
-------------------------+-------+-------+-------++-------
Melee: Hand axe          |     4 |    14 |    44 ||    62
       Headbutt          |     1 |     4 |     7 ||    12
       Punch             |       |     2 |     2 ||     4
Invok: Berserk           |     2 |     3 |     4 ||     9
       Trog's Hand       |       |       |     1 ||     1
Evoke: Wand              |       |       |     6 ||     6
Armor: Animal skin       |       |       |    11 ||    11
Dodge: Dodged            |     1 |     5 |    30 ||    36
